 Dungeon Crawl Stone Soup version 0.24-a0-132-ge4b1dce (webtiles) character file.

Game seed: 9111777490163611243

189 Inarius the Gusty (level 6, -2/32 HPs)
             Began as a Kobold Air Elementalist on Feb 27, 2019.
             Slain by a wraith (6 damage)
             ... in an ossuary.
             The game lasted 00:09:02 (4559 turns).

Inarius the Gusty (Kobold Air Elementalist)         Turns: 4559, Time: 00:09:03

Health: -2/32      AC:  5    Str:  5    XL:     6   Next: 0%
Magic:  7/10       EV: 14    Int: 18    God:
Gold:   127        SH:  0    Dex: 16    Spells: 5/11 levels left

rFire    . . .     SeeInvis .   h - +0 dagger
rCold    . . .     Gourm    .   (shield restricted)
rNeg     . . .     Faith    .   o - +1 leather armour
rPois    .         Spirit   .   (no helmet)
rElec    .         Reflect  .   (no cloak)
rCorr    .         Harm     .   l - +0 pair of gloves
MR       .....                  (no boots)
Stlth    ++........             (no amulet)
HPRegen  0.10/turn              (no ring)
MPRegen  0.12/turn              (no ring)

@: slowed, very slow
A: small, carnivore
a: no special abilities


You were in an ossuary.
You were very full.

You visited 1 branch of the dungeon, and saw 4 of its levels.
You also visited: Ossuary.

You collected 127 gold pieces.

Inventory:

Hand Weapons
 h - a +0 dagger (weapon)
Armour
 l - a +0 pair of gloves (worn)
 o - a +1 leather armour (worn)
Wands
 r - a wand of digging (6)
Scrolls
 b - 3 scrolls of enchant armour
 d - 4 scrolls of remove curse
 e - a scroll of magic mapping
 f - 4 scrolls of identify {unknown}
 g - 3 scrolls of teleportation {unknown}
 j - 2 scrolls of enchant weapon {unknown}
 m - 2 scrolls of amnesia {unknown}
 q - a scroll of holy word {unknown}
 s - a scroll of fear {unknown}
 t - a scroll of acquirement {unknown}
Potions
 a - 2 potions of curing
 i - 2 potions of magic {unknown}
 k - a potion of lignification {unknown}
 n - a potion of heal wounds {unknown}
 p - a potion of degeneration {unknown}
 u - a potion of agility {unknown}
Comestibles
 c - 7 rations


   Skills:
 + Level 0.2 Fighting
 + Level 0.1 Short Blades
 + Level 0.1 Armour
 + Level 2.5 Dodging
 + Level 3.1 Stealth
 + Level 3.2 Spellcasting
 * Level 2.7 Conjurations
 * Level 4.7 Air Magic


You had 5 spell levels left.
You knew the following spells:

 Your Spells              Type           Power        Failure   Level  Hunger
a - Shock                 Conj/Air       ###.         6%          1    None
b - Swiftness             Chrm/Air       ##......     16%         2    ##.....
c - Static Discharge      Conj/Air       ###.....     17%         3    ###....

Your spell library contained the following spells:

 Spells                   Type           Power        Failure   Level  Hunger
 Airstrike                Air            ###.......   36%         4    ####...
 Lightning Bolt           Conj/Air       ###.......   85%         5    ######.


Dungeon Overview and Level Annotations

Branches:
Dungeon (4/15)
 Temple: D:4-7

Altars:
Gozag


Innate Abilities, Weirdness & Mutations

You are small and have problems with some larger weapons.
You are carnivorous and can eat meat at any time.


Message History

Press: ? - help, Shift-Dir - straight line The zap hits the wraith.
The wraith is moderately damaged.
The zap hits the wraith.
The wraith is heavily damaged.
The wraith hits you! The wraith drains your vigour!
You feel as though you will be slow longer.
Unknown command.
Casting: Shock (safe; 6% risk of failure)
Confirm with . or Enter, or press ? or * to list all spells.
Aiming: Shock (safe; 6% risk of failure)
Press: ? - help, Shift-Dir - straight line The zap hits the wraith.
The wraith is severely damaged.
The zap hits the wraith.
The wraith is severely damaged.
The wraith hits you.
* * * LOW HITPOINT WARNING * * *
The wraith hits you.
You die...

+##### .. ....##
..#####...##
.##...##@..## .
##.?!..##W..# ..
#..!?.!.'...+
...##.....##...#
#...##...##...##
. #...#####...##
... #.........##.
....#####'#####..
.................


You could see a wraith.

Vanquished Creatures
  2 mummies
  A gnoll (D:1)
  6 adders
  5 worms
  A dart slug (D:3)
  3 leopard geckos
  4 orcs
  11 bats
  3 giant cockroaches
  8 goblins
  8 hobgoblins
  5 jackals (D:1)
  5 kobolds
  2 ball pythons
  4 frilled lizards
  4 gnoll skeletons (Ossuary)
  5 kobold skeletons (Ossuary)
  4 orc skeletons (Ossuary)
  5 rats
86 creatures vanquished.

Notes
Turn   | Place    | Note
-------+----------+-------------------------------------------
     0 | D:1      | Inarius the Kobold Air Elementalist began the quest for the
                  | Orb.
     0 | D:1      | Reached XP level 1. HP: 10/10 MP: 3/3
   312 | D:1      | Reached XP level 2. HP: 15/15 MP: 3/5
   458 | D:1      | Learned a level 2 spell: Swiftness
   738 | D:1      | Reached XP level 3. HP: 19/19 MP: 2/6
  1214 | D:2      | Reached skill level 4 in Air Magic
  1515 | D:2      | Reached XP level 4. HP: 7/24 MP: 1/7
  2457 | D:2      | Reached XP level 5. HP: 28/28 MP: 3/8
  2850 | D:3      | Learned a level 3 spell: Static Discharge
  3569 | D:3      | Found an opulent altar of Gozag.
  4031 | D:4      | Found a sand-covered staircase.
  4090 | Ossuary  | Entered an ossuary
  4090 | Ossuary  | Noticed a wraith
  4090 | Ossuary  | Noticed a wraith
  4090 | Ossuary  | Noticed a wraith
  4446 | Ossuary  | Reached XP level 6. HP: 32/32 MP: 4/10
  4548 | Ossuary  | Noticed a wraith
  4559 | Ossuary  | Slain by a wraith

Levels and vault maps discovered:
D:1:      sevenhm_arrival_forest_fort_large_3, layout_loops_ring
D:2:      layout_loops_ring, minmay_pentomino_x4
D:3:      layout_loops_corners, nicolae_gozag_cash_rules_everything_around_me
D:4:      layout_loops_ring, first_ration, gup_ossuary_entry_pyramid,
          nemelex_diamond_rough_becter
Ossuary:  ossuary_due_mausoleum

Skill      XL: |  1  2  3  4  5 |
---------------+----------------+-----
Air Magic      | 4 |  4.7
Conjurations   | 2 |  2.7
Stealth        | 3 |  3.1
Spellcasting   | 3 |  3.2
Fighting       | |  0.2
Short Blades   | |  0.1
Armour         | |  0.1
Dodging        | |  2.5

Action                   |  1- 3 |  4- 6 || total
-------------------------+-------+-------++-------
Melee: Unarmed           |    18 |       ||    18
       Dagger            |       |    57 ||    57
 Cast: Shock             |    56 |   127 ||   183
       Static Discharge  |       |     2 ||     2
  Use: Potion            |       |     2 ||     2
       Scroll            |       |     3 ||     3
  Eat: Chunk             |    11 |     9 ||    20
Armor: Robe              |    10 |     1 ||    11
       Leather armour    |       |    12 ||    12
Dodge: Dodged            |    35 |    73 ||   108

Table legend:
 A = Non-vault XP
 B = Vault XP
 C = Vault XP percentage of total XP
 D = Non-vault monster count
 E = Vault monster count
 F = Vault count percentage of total count
                 A         B        C        D         E       F
            +---------+---------+-------+---------+---------+-------
      Total |     218 |      53 |  19.6 |      69 |      17 |  19.8
            +---------+---------+-------+---------+---------+-------
        D:1 |      44 |       0 |   0.0 |      17 |       0 |   0.0
        D:2 |     109 |       4 |   3.5 |      29 |       2 |   6.5
        D:3 |      56 |       0 |   0.0 |      20 |       0 |   0.0
        D:4 |       9 |      18 |  66.7 |       3 |       1 |  25.0
    Ossuary |       0 |      31 | 100.0 |       0 |      14 | 100.0
            +---------+---------+-------+---------+---------+-------
